Map: 아크로폴리스 - 래더

Players

SortOf

  • Race: Zerg Zerg
  • Spawn Location: 5:00

DnS - Winner!

  • Race: Protoss Protoss
  • Spawn Location: 11:00

Event: HomeStory Cup XIX

VOD

Have the link to the VOD?

Description

Time

  • Played on: June 27, 2019, 12:23 p.m.
  • Length: 7:48

All games in this series

Show
View Real Time Build Order
Export as new Build Order

SortOf Zerg 

Build Orders: Hatch First 

Get SALT Encoding   

  12  0:01  Drone  
  13  0:12  Overlord  
  13  0:16  Drone  
  14  0:30  Drone x2  
  16  0:48  Drone x2  
  18  0:56  Hatchery  
  17  0:58  Drone  
  17  1:02  Extractor  
  17  1:13  Spawning Pool  
  17  1:15  Drone  
  17  1:20  Drone  
  18  1:28  Drone  
  19  1:39  Drone  
  20  1:49  Overlord  
  20  2:00  Hatchery  
  19  2:04  Zergling x2  
  19  2:08  Queen  
  20  2:09  Drone  
  20  2:15  Metabolic Boost  
  23  2:20  Drone  
  23  2:22  Zergling x2  
  25  2:26  Zergling x2  
  26  2:36  Drone x2  
  28  2:42  Queen  
  28  2:43  Zergling x2  
  31  2:47  Overlord  
  30  2:52  Drone  
  30  2:56  Queen  
  33  2:59  Zergling x2  
  33  3:05  Zergling x2  
  35  3:07  Drone  
  36  3:13  Zergling x2  
  36  3:20  Spore Crawler  
  36  3:22  Drone  
  36  3:23  Queen  
  36  3:25  Drone x3  
  41  3:28  Drone  
  42  3:35  Drone x2  
  42  3:39  Evolution Chamber, Overlord  
  43  3:48  Overlord  
  42  3:57  Queen  
  42  4:02  Drone x4  
  46  4:05  Zerg Melee Weapons Level 1  
  46  4:07  Drone x4  
  50  4:14  Drone x2  
  52  4:19  Overlord  
  52  4:20  Drone x2  
  54  4:25  Zergling x6  
  54  4:30  Roach Warren  
  56  4:32  Zergling x2  
  56  4:33  Overlord  
  56  4:38  Zergling x6  
  60  4:39  Drone  
  60  4:42  Drone x2  
  63  4:46  Drone x2  
  63  4:50  Drone  
  65  4:53  Lair  
  65  4:55  Extractor  
  65  4:56  Drone  
  65  4:57  Drone x3, Extractor  
  67  5:00  Drone  
  67  5:02  Drone x2  
  67  5:03  Drone  
  71  5:11  Drone x3, Overlord  
  74  5:14  Extractor  
  74  5:15  Extractor, Overlord  
  74  5:18  Overlord  
  74  5:19  Overlord  
  74  5:20  Drone  
  73  5:23  Overlord  
  72  5:28  Overlord  
  72  5:31  Spine Crawler  
  72  5:32  Spine Crawler  
  72  5:33  Overlord  
  78  5:47  Roach  
  88  5:54  Queen x2  
  88  5:56  Hydralisk Den  
  75  6:01  Queen  
  75  6:02  Spore Crawler  
  75  6:06  Drone x6  
  75  6:07  Drone x3  
  81  6:19  Drone  
  81  6:20  Zergling x6  
  81  6:21  Zergling x2  
  85  6:27  Drone  
  85  6:28  Drone x4  
  85  6:30  Queen x2  
  91  6:37  Hydralisk x4, Spore Crawler  
  97  6:40  Hydralisk  
  97  6:46  Spore Crawler  
  98  6:49  Hydralisk x3  
  102  6:55  Overlord  
  102  6:56  Spore Crawler  
  102  6:59  Overlord  
  100  7:05  Overlord  
  99  7:09  Overlord  
  103  7:15  Roach x3  
  103  7:16  Roach  
  103  7:20  Ravager  
  103  7:21  Roach x2  
Show
View Real Time Build Order
Export as new Build Order

DnS Protoss - Winner!

Build Orders: 1 Gate Expand, Mass Phoenix 

Get SALT Encoding   

  12  0:00  Probe  
  13  0:12  Probe  
  14  0:20  Pylon  
  14  0:24  Probe  
  15  0:34  Probe  
  16  0:43  Probe, Gateway  
  17  0:53  Probe, Assimilator  
  18  1:05  Probe  
  19  1:17  Probe  
  20  1:30  Cybernetics Core  
  20  1:35  Nexus  
  20  1:37  Probe  
  21  1:45  Pylon  
  21  1:49  Probe  
  21  1:53  Assimilator  
  22  1:57  Adept  
  22  2:01  Probe  
  25  2:13  Probe  
  26  2:17  Adept  
  26  2:19  Robotics Facility  
  26  2:25  Probe  
  29  2:30  Warp Gate  
  29  2:38  Probe  
  30  2:48  Stalker, Probe  
  30  2:50  Probe  
  33  2:56  Probe  
  34  3:00  Warp Prism  
  34  3:02  Probe  
  36  3:06  Probe  
  36  3:11  Pylon  
  39  3:14  Probe  
  39  3:18  Probe  
  41  3:26  Probe  
  42  3:30  Probe  
  42  3:31  Gateway  
  42  3:32  Assimilator  
  43  3:38  Probe  
  44  3:43  Probe  
  44  3:44  Assimilator  
  45  3:49  Stargate  
  45  3:51  Probe, Stargate  
  46  3:58  Gateway  
  46  4:01  Probe  
  45  4:03  Probe  
  50  4:10  Immortal  
  50  4:13  Probe  
  50  4:15  Probe  
  50  4:16  Pylon  
  52  4:18  Zealot  
  54  4:27  Pylon  
  54  4:28  Pylon  
  54  4:29  Phoenix  
  54  4:31  Phoenix  
  54  4:34  Probe x2  
  60  4:47  Phoenix, Pylon  
  60  4:52  Phoenix  
  60  4:59  Immortal  
  68  5:04  Phoenix  
  70  5:14  Gateway  
  70  5:17  Phoenix  
  70  5:20  Stalker  
  74  5:26  Phoenix  
  74  5:28  Gateway  
  74  5:29  Gateway  
  76  5:42  Phoenix  
  78  5:47  Immortal  
  82  5:53  Pylon  
  82  6:08  Gateway  
  82  6:10  Sentry x2, Gateway  
  84  6:19  Gateway  
  84  6:31  Sentry x2  
  84  6:32  Stalker  
  90  6:37  Pylon  
  90  6:38  Stalker x2  
  90  6:39  Pylon  
  94  6:41  Pylon  
  94  6:57  Pylon  
  94  7:01  Adept  
  94  7:02  Adept  
  94  7:04  Stalker x5  
  108  7:12  Pylon  
  108  7:21  Adept  
  108  7:22  Adept  
  112  7:27  Adept x3  
  112  7:28  Adept x2  
  122  7:36  Pylon  
  116  7:45  Adept x2  
Tags
 
Add a new tag
Caveats
  • Supply blocks, unpowered buildings, or Contaminate may cause inaccurate times.
  • Supply counts are checked every 10 seconds.